 Dungeon Crawl Stone Soup version 0.25-a0-948-g643b649 (webtiles) character file.

Game seed: 7536068281650228947, levelgen mode: deterministic

190 Brocelonius the Cudgeler (level 5, -4/33 HPs)
             Began as a Gargoyle Monk on May 7, 2020.
             Was a Believer of Makhleb.
             Slain by Menkaure (7 damage)
             ... on level 4 of the Dungeon.
             The game lasted 00:13:57 (3210 turns).

Brocelonius the Cudgeler (Gargoyle Monk)            Turns: 3210, Time: 00:13:59

Health: -4/33      AC:  8    Str: 14    XL:     5   Next: 69%
Magic:  5/5        EV: 13    Int: 11    God:    Makhleb [**....]
Gold:   178        SH:  0    Dex: 13    Spells: 4/4 levels left

rFire    . . .     SeeInvis .   a - +2 mace
rCold    . . .     Gourm    .   (no shield)
rNeg     + . .     Faith    .   b - +2 robe
rPois    ∞         Spirit   .   (no helmet)
rElec    +         Reflect  .   (no cloak)
rCorr    .         Harm     .   (no gloves)
MR       .....                  (no boots)
Stlth    ++........             (no amulet)
HPRegen  0.11/turn              (no ring)
MPRegen  0.09/turn              (no ring)

@: no status effects
A: negative energy resistance 1, electricity resistance, unbreathing,
petrification resistance, rot immunity, AC +4
a: Minor Destruction, Renounce Religion


You were on level 4 of the Dungeon.
You worshipped Makhleb.
Makhleb was pleased with you.
You were not hungry.

You visited 1 branch of the dungeon, and saw 5 of its levels.

You collected 178 gold pieces.

Inventory:

Hand Weapons
 a - a +2 mace (weapon)
Armour
 b - a +2 robe (worn)
Scrolls
 f - 2 scrolls of fear
 g - a scroll of remove curse
 h - a scroll of blinking {unknown}
Potions
 e - a potion of curing
 k - a potion of stabbing
 o - a potion of lignification
Comestibles
 c - 3 rations
 d - 2 chunks of flesh


   Skills:
 + Level 4.0 Fighting
 + Level 4.3 Maces & Flails
 + Level 2.1 Throwing
 + Level 3.1 Dodging
 + Level 2.7 Stealth


You had 4 spell levels left.
You didn't know any spells.
Your spell library was empty.

Dungeon Overview and Level Annotations

Branches:
Dungeon (5/15)
 Temple: D:4-7

Altars:
Makhleb
Sif Muna
Uskayaw

Annotations:
D:4 Menkaure, Sigmund


Innate Abilities, Weirdness & Mutations

You are resistant to torment.
Your stone body is resilient. (AC +4)
You are immune to poison.
You resist negative energy. (rN+)
You are resistant to electric shocks. (rElec)
You can survive without breathing.
You are immune to petrification.
You are immune to rotting.


Message History

Pain shoots through your body!
* * * LOW HITPOINT WARNING * * *
Something hits you but does no damage.
Menkaure grins.
Menkaure blazes with dark energy!
You completely miss Menkaure. Menkaure casts a spell at you.
You barely resist.
You hear some strange, mumbled words.
A puff of flame appears from out of thin air!
The puff of flame hits you!
* * * LOW HITPOINT WARNING * * *
Unknown command.
You hit Menkaure.
Menkaure is lightly damaged.
Menkaure points at you and mumbles some strange words.
You barely resist.
You hear some strange, mumbled words.
Something tries to affect you, but you resist.
Menkaure hits you!
You die...

...... ...#
#.............
....####.............
....... ............
.....# ...........
#...####.# .......
#........##......#
#...............
#@.{............
#M..............
...........>.##....
.............#...#..
#...##.......##.#.# #
.... #..##.#..#.# #
..# #...###..... ..
.... .....g )#


You could see Menkaure.

Vanquished Creatures
  3 iron imps (D:3)
  2 adders
  An ooze (D:1)
  4 worms
  2 dart slugs
  4 leopard geckos
  4 orcs (D:3)
  2 ball pythons
  4 bats
  2 giant cockroaches
  2 goblins
  7 hobgoblins
  7 jackals
  9 kobolds
  2 frilled lizards
  7 rats
62 creatures vanquished.

Notes
Turn   | Place    | Note
-------+----------+-------------------------------------------
     0 | D:1      | Brocelonius the Gargoyle Monk began the quest for the Orb.
     0 | D:1      | Reached XP level 1. HP: 14/14 MP: 1/1
   438 | D:1      | Reached XP level 2. HP: 14/19 MP: 2/2
  1090 | D:1      | Reached XP level 3. HP: 23/23 MP: 3/3
  1805 | D:2      | Found a shimmering blue altar of Sif Muna.
  1884 | D:2      | Reached XP level 4. HP: 29/29 MP: 4/4
  1940 | D:2      | Reached skill level 1 in Throwing
  2835 | D:3      | Found a burning altar of Makhleb.
  2871 | D:3      | Reached XP level 5. HP: 33/33 MP: 5/5
  2895 | D:3      | Became a worshipper of Makhleb the Destroyer
  2895 | D:3      | Reached * piety under Makhleb
  2895 | D:3      | Reached ** piety under Makhleb
  3056 | D:3      | Found a runed translucent gate.
  3056 | D:3      | Found a runed translucent gate.
  3056 | D:3      | Found a runed translucent gate.
  3056 | D:3      | You fall into a shaft and drop 2 floors!
  3056 | D:5      | Entered Level 5 of the Dungeon
  3061 | D:5      | Found a hide-covered altar of Uskayaw.
  3190 | D:4      | Noticed Sigmund
  3200 | D:4      | Noticed Menkaure
  3210 | D:4      | Slain by Menkaure

Levels and vault maps discovered:
D:1:      lightli_arrival_chessboard, layout_loops_corners
D:2:      layout_loops_cross, lemuel_doored_altar, minivault_14,
          minmay_misc_feat_ornament
D:3:      layout_basic, demons_altar, gammafunk_ghost_necromancy,
          minmay_door_square
D:4:      layout_cave_pools, minmay_liquid_box, minivault_4, uniq_menkaure,
          uniq_edmund, uniq_sigmund
D:5:      layout_basic, old_standard_altar, first_ration, xom_teletrap_fun

Skill      XL: |  1  2  3  4  5 |
---------------+----------------+-----
Throwing       | 1 2 |  2.1
Dodging        | 3 |  3.1
Maces & Flails | 4 |  4.3
Fighting       | 4 |  4.0
Stealth        | |  2.7

Action                   |  1- 3 |  4- 6 || total
-------------------------+-------+-------++-------
Melee: Mace              |    65 |    58 ||   123
Throw: Javelin           |    30 |    20 ||    50
Invok: Minor Destruction |       |     3 ||     3
  Use: Scroll            |     5 |     9 ||    14
       Potion            |     2 |     1 ||     3
 Stab: Sleeping          |       |     1 ||     1
  Eat: Chunk             |     1 |     1 ||     2
       Ration            |     1 |     1 ||     2
Armor: Robe              |    11 |    13 ||    24
Dodge: Dodged            |    34 |    43 ||    77

Table legend:
 A = Non-vault XP
 B = Vault XP
 C = Vault XP percentage of total XP
 D = Non-vault monster count
 E = Vault monster count
 F = Vault count percentage of total count
                 A         B        C        D         E       F
            +---------+---------+-------+---------+---------+-------
      Total |     153 |     119 |  43.8 |      59 |       3 |   4.8
            +---------+---------+-------+---------+---------+-------
        D:1 |      38 |       0 |   0.0 |      18 |       0 |   0.0
        D:2 |      74 |       0 |   0.0 |      28 |       0 |   0.0
        D:3 |      38 |     119 |  75.8 |      12 |       3 |  20.0
        D:5 |       3 |       0 |   0.0 |       1 |       0 |   0.0
            +---------+---------+-------+---------+---------+-------
